 Dungeon Crawl Stone Soup version 0.18.1-5-g4a78601 (webtiles) character file.

880 imganon the Cleaver (level 7, -4/52 HPs)
             Began as a Demonspawn Berserker on May 13, 2016.
             Was an Elder of Trog.
             Splashed by a jelly's acid (8 damage)
             ... on level 5 of the Dungeon.
             The game lasted 00:07:07 (3939 turns).

imganon the Cleaver (Demonspawn Berserker)          Turns: 3939, Time: 00:07:09

Health: -4/52      AC: -15   Str: 20    XL:     7   Next: 75%
Magic:  7/7        EV: 12    Int:  8    God:    Trog [****..]
Gold:   297        SH:  0    Dex: 12    Spells: 0 memorised, 6 levels left

rFire  . . .     SeeInvis .     e - +1 hand axe (flame)
rCold  . . .     Gourm    .     d - +0 leather armour
rNeg   . . .     Faith    .     (no shield)
rPois  .         Spirit   .     (helmet restricted)
rElec  .         Dismiss  .     (no cloak)
rCorr  .         Reflect  .     w - +0 pair of gloves
SustAt .         Harm     .     (no boots)
MR     .....                    (no amulet)
Stlth  +.........               (no ring)
                                (no ring)

@: exhausted, corroded, slowed, very slow, not resistant to hostile
enchantments, very unstealthy
A: antennae 1, powered by death 2
a: Berserk, Trog's Hand, Brothers in Arms, Burn Spellbooks, Renounce Religion


You were on level 5 of the Dungeon.
You worshipped Trog.
Trog was greatly pleased with you.
You were very hungry.

You visited 1 branch of the dungeon, and saw 5 of its levels.

You collected 297 gold pieces.

Inventory:

Hand Weapons
 a - a +0 hand axe
 e - a +1 hand axe of flaming (weapon)
Armour
 d - a +0 leather armour (worn)
 w - a +0 pair of gloves (worn)
Wands
 p - a wand of random effects (21/48)
Scrolls
 h - a scroll of recharging {unknown}
 i - 2 scrolls of remove curse
 l - a scroll of blinking {unknown}
 m - a scroll of teleportation {unknown}
 u - a scroll of identify {unknown}
 v - a scroll of immolation {unknown}
Potions
 b - a potion of degeneration {unknown}
 j - a potion of haste {unknown}
 n - 2 potions of heal wounds {unknown}
 o - a potion of agility {unknown}
 q - 4 potions of might {unknown}
 r - 2 potions of berserk rage {unknown}
 t - a potion of flight {unknown}
Comestibles
 c - 3 bread rations
 g - 2 royal jellies
 k - 7 fruits
 s - 6 chunks of flesh


   Skills:
 - Level 3.0 Fighting
 + Level 8.6 Axes
 - Level 1.7 Armour
 - Level 1.7 Dodging


You had 6 spell levels left.
You didn't know any spells.

Dungeon Overview and Level Annotations

Branches:
Dungeon (5/15)
 Temple: D:4-7

Altars:
Dithmenos
Gozag
Makhleb
Nemelex Xobeh
Pakellas
Xom
Zin
The Shining One


Innate Abilities, Weirdness & Mutations

You have a pair of small antennae on your head.
You regenerate health from kills.


Message History

* * * LOW HITPOINT WARNING * * *
You are splashed with acid!
The acid burns!
* * * LOW HITPOINT WARNING * * *
Drink which item? (? for menu, Esc to quit)
You feel better. The jelly hits you.
* * * LOW HITPOINT WARNING * * *
You are splashed with acid!
The acid burns!
* * * LOW HITPOINT WARNING * * *
Okay, then.
Read which item? (? for menu, Esc to quit)
Okay, then.
Drink which item? (? for menu, Esc to quit)
You feel better. The jelly hits you.
* * * LOW HITPOINT WARNING * * *
You are splashed with acid!
The acid corrodes you!
The acid burns!
* * * LOW HITPOINT WARNING * * *
The jelly hits you.
* * * LOW HITPOINT WARNING * * *
You are splashed with acid!
The acid corrodes you!
The acid burns!
You die...

######........###.##
#...#
...................#
#...
####################
#.. .......# #.# #
#....#####.#..#
#....'........#
#....#####.##..#
#...J# #?# .# #...@#
#.# # #....# #.#
#....# #.# '# #....#
... #.# #....# ##
####'## #....#
#.....# #....#
#.....#
#....#########
'.....#
####..........


You could see a jelly.

Vanquished Creatures
  Grinder (D:3)
  An ogre (D:5)
  A centaur (D:5)
  Blork the orc (D:5)
  A giant frog (D:3)
  A jelly (D:5)
  2 orc wizards (D:4)
  2 worker ants
  Robin (D:3)
  12 adders
  4 worms
  2 dart slugs
  5 giant geckos
  20 orcs
  7 bats
  5 giant cockroaches
  14 goblins
  8 hobgoblins
  4 jackals
  11 kobolds
  4 quokkas
  3 ball pythons
  5 giant newts
  7 rats
122 creatures vanquished.

Notes
Turn   | Place    | Note
--------------------------------------------------------------
     0 | D:1      | imganon the Demonspawn Berserker began the quest for the Orb.
     0 | D:1      | Reached XP level 1. HP: 18/18 MP: 1/1
    64 | D:1      | Reached skill level 3 in Axes
   299 | D:1      | Gained mutation: You have a pair of small antennae on your head. [demonic ancestry]
   299 | D:1      | Reached XP level 2. HP: 21/24 MP: 2/2
   555 | D:2      | Reached ** piety under Trog
   653 | D:2      | Reached XP level 3. HP: 13/29 MP: 3/3
   837 | D:2      | Reached skill level 4 in Axes
  1444 | D:2      | Reached XP level 4. HP: 27/35 MP: 4/4
  1857 | D:3      | Reached skill level 5 in Axes
  2196 | D:3      | Noticed Grinder
  2212 | D:3      | Killed Grinder
  2212 | D:3      | Reached skill level 6 in Axes
  2212 | D:3      | Gained mutation: You regenerate a little health from kills. [demonic ancestry]
  2212 | D:3      | Reached XP level 5. HP: 26/41 MP: 5/5
  2212 | D:3      | Reached XP level 6. HP: 29/47 MP: 6/6
  2289 | D:3      | Found a glowing golden altar of the Shining One.
  2291 | D:3      | Found a burning altar of Makhleb.
  2292 | D:3      | Found a glowing silver altar of Zin.
  2294 | D:3      | Found a sparkling altar of Nemelex Xobeh.
  2295 | D:3      | Found a shadowy altar of Dithmenos.
  2443 | D:3      | Reached *** piety under Trog
  2493 | D:3      | Found an opulent altar of Gozag.
  2579 | D:3      | Reached skill level 7 in Axes
  2630 | D:3      | Noticed Robin
  2637 | D:3      | Reached **** piety under Trog
  2642 | D:3      | Killed Robin
  2825 | D:4      | Found a shimmering altar of Xom.
  2888 | D:4      | Gained mutation: You regenerate health from kills. [demonic ancestry]
  2888 | D:4      | Reached XP level 7. HP: 50/52 MP: 7/7
  2950 | D:4      | Found an oddly glowing altar of Pakellas.
  3622 | D:5      | Entered Level 5 of the Dungeon
  3739 | D:5      | Noticed Blork the orc
  3747 | D:5      | Killed Blork the orc
  3747 | D:5      | Reached skill level 8 in Axes
  3939 | D:5      | Splashed by a jelly's acid

Skill      XL: |  1  2  3  4  5  6  7 |
---------------+----------------------+-----
Axes           | 3 4 6 7 8 |  8.6
Fighting       | |  3.0
Armour         | |  1.7
Dodging        | |  1.7

Action                   |  1- 3 |  4- 6 |  7- 9 || total
-------------------------+-------+-------+-------++-------
Melee: Hand axe          |   101 |   165 |   100 ||   366
Invok: Berserk           |     1 |     2 |     2 ||     5
       Trog's Hand       |       |       |     1 ||     1
  Use: Potion            |       |     1 |     4 ||     5
       Scroll            |       |     1 |       ||     1
 Stab: Sleeping          |       |     1 |       ||     1
  Eat: Chunk             |     2 |     8 |     4 ||    14
Armor: Leather armour    |    12 |    23 |    16 ||    51
Dodge: Dodged            |    72 |    92 |    46 ||   210
